cohdb
Replays
Latest Replays
All Replays
Popular Replays
Top Player Replays
Match Explorer
How It Works
Community
CoH3 Stats
Reddit
Sign in to upload your games and track your stats! →
Sign in with Steam
Match 46587318
Unlisted
Match 46587318
Overview
Messages
Build Orders
End
Vickers Machine Gun Team
Construct Section Command Post
Dingo Light Scout Car
Infantry Section
Infantry Section
Vickers Machine Gun Team
Construct Platoon Command Post
Humber Armored Car
Construct Company Command Post
Selects Air and Sea Battlegroup
Selects Supply Surplus
Selects UNKNOWN (223837)
Matilda II Heavy Tank
Royal Engineer Section
Construct Field Infirmary
Selects Assault Flares
Royal Engineer Section
Centaur IV Medium Tank
Nubbl0r
peek-a-boo
0
0
Comments
sign in to comment!
No comments posted yet!